 Dungeon Crawl Stone Soup version 0.26-a0-639-g72c4674329 (webtiles) character file.

Game seed: 14626733151356578256

10810 Pixllover the Cleaver (level 11, -2/97 HPs)
             Began as a Minotaur Berserker on Sept 19, 2020.
             Was an Elder of Trog.
             Shot with an arrow by Nessos (8 damage)
             ... on level 4 of the Lair of Beasts.
             The game lasted 00:39:53 (12874 turns).

Pixllover the Cleaver (Minotaur Berserker)         Turns: 12874, Time: 00:39:54

Health: -2/97      AC: 17    Str: 24    XL:     11   Next: 41%
Magic:  10/10      EV: 10    Int:  4    God:    Trog [****..]
Gold:   819        SH:  0    Dex: 11    Spells: 10/10 levels left

rFire    . . .     SeeInvis +   a - +4 battleaxe (vorpal)
rCold    . . .     Faith    .   (shield currently unavailable)
rNeg     . . .     Spirit   .   n - +0 plate armour
rPois    .         Reflect  .   z - +1 hat
rElec    .         Harm     .   (no cloak)
rCorr    .         Rampage  .   C - +0 pair of gloves
MR       +++..                  (no boots)
Stlth    ..........             (no amulet)
HPRegen  1.26/turn              E - ring of protection from magic
MPRegen  0.12/turn              w - ring of see invisible

@: lethally poisoned (-2 -> -18), regenerating
A: retaliatory headbutt, horns 2, MP-powered wands
a: Berserk, Trog's Hand, Brothers in Arms, Renounce Religion


You were on level 4 of the Lair of Beasts.
You worshipped Trog.
Trog was greatly pleased with you.
You visited 2 branches of the dungeon, and saw 12 of its levels.

You collected 1007 gold pieces.
You spent 188 gold pieces at shops.

Inventory:

Hand Weapons
 a - a +4 vorpal battleaxe (weapon)
 l - the +4 mace of Tiryff {drain, rF+ MR+ Int+2 SInv}
   (You took it off a kobold on level 6 of the Dungeon)

   A truly terrible weapon, it drains the life of those it strikes.
   It affects your intelligence (+2).
   It protects you from fire.
   It affects your resistance to hostile enchantments.
   It lets you see invisible.
 m - a +3 antimagic battleaxe
Missiles
 f - 20 poisoned darts (quivered)
 k - 3 silver boomerangs
Armour
 n - a +0 plate armour (worn)
 z - a +1 hat (worn)
 C - a +0 pair of gloves (worn)
Jewellery
 w - a ring of see invisible (right hand)
 E - a ring of protection from magic (left hand)
Wands
 q - a wand of random effects (17)
 s - a wand of flame (20)
 x - a wand of digging (2)
Scrolls
 b - 6 scrolls of blinking
 c - 11 scrolls of identify
 d - a scroll of summoning {unknown}
 e - 3 scrolls of amnesia {unknown}
 g - 2 scrolls of enchant weapon
 h - a scroll of immolation
 i - 12 scrolls of remove curse
 j - a scroll of fog
 o - 3 scrolls of fear {unknown}
 p - 10 scrolls of teleportation
 u - a scroll of holy word {unknown}
 v - 2 scrolls of enchant armour {unknown}
 y - a scroll of acquirement {unknown}
 D - a scroll of vulnerability {unknown}
Potions
 r - a potion of berserk rage
 t - a potion of haste
 A - a potion of might
 F - a potion of flight


   Skills:
 + Level 9.5 Fighting
 + Level 14.0 Axes
 + Level 0.1 Throwing
 + Level 10.1 Armour
 + Level 6.2 Dodging
 + Level 1.4 Stealth
   Level 7.2 Shields


You had 10 spell levels left.
You didn't know any spells.
Your spell library was empty.

Dungeon Overview and Level Annotations

Branches:
Dungeon (8/15)             Temple (0/1) D:5            Lair (4/6) D:8
  Snake (0/4) Lair:2
  Swamp: Lair:2-4    Shoals: Lair:2-4

Altars:
Cheibriados
Elyvilon
Fedhas
Gozag
Makhleb
Qazlal
Ru
Sif Muna
Xom

Shops:
D:7 [   D:8 *!*(

Annotations:
Lair:2 exclusion: oklob plant
Lair:4 Nessos


Innate Abilities, Weirdness & Mutations

You reflexively headbutt those who attack you in melee.
You have a pair of horns on your head.
You expend magic power (3 MP) to strengthen your wands.


Message History

* * * LOW HITPOINT WARNING * * *
You see here an arrow.
You feel much better.
* * * LOW HITPOINT WARNING * * *
You feel very sick.
Nessos blinks!
Your skin crawls.
You feel resistant to hostile enchantments.
You feel very sick.
Nessos blinks!
Nessos shoots an arrow.
The arrow barely misses you.
Okay, then.
Your two-headed ogre goes berserk!
Trog will no longer gift you weapons.
You feel very sick. Nessos says, "Study your classics!"
Nessos shoots an arrow.
The arrow hits you!
* * * LOW HITPOINT WARNING * * *
The arrow burns you!
You are more poisoned.
You die...

....♣.♣........#
......♣.P###...#
.... ♣...#(#...#
#...♣.........###
#..♣†..........##
♣.............## .
♣.........#....#
....♣(.(...#####..##
♣..O@....# #..#
#.♣........# #..#
##......c#.###..##
.................#
............##(...##
#P........#.###....#
....§....##.##..<.##
........## ###....#
######


You could see Nessos (fast) and a friendly two-headed ogre (summoned, berserk).

Vanquished Creatures
  Erica (D:8)
  A hydra (Lair:2)
  Joseph (D:8)
  A guardian serpent (Lair:2)
  3 cane toads
  Grinder (D:6)
  2 polar bears (D:8)
  3 blink frogs (Lair:2)
  4 hippogriffs
  A yak (D:8)
  A steam dragon (Lair:3)
  A basilisk (Lair:1)
  6 water moccasins
  3 orc warriors
  7 porcupines
  A black bear (D:7)
  2 phantoms
  5 ogres
  2 centaurs
  6 wolves (Lair:2)
  4 crocodiles
  5 big kobolds
  4 bullfrogs
  A scorpion (D:7)
  4 wights (D:8)
  2 howler monkeys (D:6)
  A bullfrog zombie (D:4)
  4 jellies
  A bullfrog skeleton (D:6)
  2 orc priests
  5 hounds
  8 orc wizards
  3 iguanas
  7 worker ants
  A hound skeleton (D:6)
  A howler monkey zombie (D:7)
  5 adders
  7 gnolls
  4 white imps (D:8)
  4 ufetubi
  An ooze (D:5)
  7 worms
  3 dart slugs
  An adder simulacrum (D:8)
  5 leopard geckos
  35 orcs
  6 giant cockroaches
  5 goblins
  14 hobgoblins
  22 jackals
  64 kobolds
  5 quokkas
  A ball python skeleton (D:5)
  11 bats
  4 frilled lizards
  A quokka zombie (D:7)
  6 rats
316 creatures vanquished.

Vanquished Creatures (collateral kills)
  A hydra (Lair:1)
  A blink frog (Lair:2)
  Eustachio (D:6)
  A crocodile (Lair:1)
  An orc wizard (D:6)
  An orc (D:6)
6 creatures vanquished.

Vanquished Creatures (others)
  23 fungi
  23 plants
46 creatures vanquished.

Grand Total: 368 creatures vanquished

Notes
Turn   | Place    | Note
-------+----------+-------------------------------------------
     0 | D:1      | Pixllover the Minotaur Berserker began the quest for the
                  | Orb.
     0 | D:1      | Reached XP level 1. HP: 19/19 MP: 0/0
   101 | D:1      | Reached skill level 4 in Axes
   119 | D:1      | Reached XP level 2. HP: 24/27 MP: 1/1
   489 | D:1      | Reached XP level 3. HP: 24/33 MP: 2/2
   978 | D:2      | Reached ** piety under Trog
  1003 | D:2      | Reached skill level 1 in Shields
  1042 | D:2      | Reached XP level 4. HP: 34/40 MP: 3/3
  1421 | D:2      | Found a snail-covered altar of Cheibriados.
  1774 | D:3      | Reached skill level 5 in Axes
  1774 | D:3      | Reached XP level 5. HP: 21/46 MP: 4/4
  2022 | D:3      | Reached *** piety under Trog
  2782 | D:3      | Reached skill level 6 in Axes
  2782 | D:3      | Reached XP level 6. HP: 31/53 MP: 5/5
  2788 | D:3      | Reached **** piety under Trog
  2940 | D:3      | Reached XP level 7. HP: 50/60 MP: 6/6
  3782 | D:4      | Found a sacrificial altar of Ru.
  4092 | D:4      | Reached skill level 5 in Fighting
  4100 | D:4      | Reached skill level 7 in Axes
  4204 | D:4      | Reached skill level 5 in Shields
  4220 | D:4      | Reached XP level 8. HP: 66/69 MP: 7/7
  4347 | D:4      | Reached ***** piety under Trog
  4505 | D:5      | Entered Level 5 of the Dungeon
  4541 | D:5      | Found a staircase to the Ecumenical Temple.
  4634 | D:5      | Reached skill level 8 in Axes
  4634 | D:5      | Reached skill level 5 in Armour
  5356 | D:6      | Noticed Grinder
  5359 | D:6      | Found an opulent altar of Gozag.
  5366 | D:6      | Received a gift from Trog
  5366 | D:6      | Reached skill level 1 in Stealth
  5386 | D:6      | Noticed Eustachio
  5393 | D:6      | Killed Grinder
  5393 | D:6      | Reached skill level 9 in Axes
  5393 | D:6      | Reached XP level 9. HP: 35/78 MP: 8/8
  5395 | D:6      | Killed Eustachio
  5400 | D:6      | Found a burning altar of Makhleb.
  5426 | D:6      | Found a stormy altar of Qazlal.
  5844 | D:6      | Identified the +4 mace of Tiryff {drain, rF+ MR+ Int+2
                  | SInv}
  5865 | D:6      | Found a shimmering blue altar of Sif Muna.
  6199 | D:7      | Found Basmigio's Armour Shoppe.
  6236 | D:7      | Found a white marble altar of Elyvilon.
  6334 | D:7      | Bought a +1 hat for 110 gold pieces
  6470 | D:7      | Found a blossoming altar of Fedhas.
  6500 | D:7      | Reached skill level 10 in Axes
  6500 | D:7      | Reached skill level 5 in Dodging
  6805 | D:7      | Found a shimmering altar of Xom.
  7245 | D:8      | Found Sisi's Distillery.
  7310 | D:8      | Noticed a polar bear
  7342 | D:8      | Killed a polar bear
  7357 | D:8      | Bought a potion of degeneration for 13 gold pieces
  7357 | D:8      | Bought a potion of heal wounds for 65 gold pieces
  7428 | D:8      | Reached skill level 11 in Axes
  7428 | D:8      | Reached XP level 10. HP: 58/86 MP: 9/9
  7602 | D:8      | Found a staircase to the Lair.
  7622 | D:8      | Noticed Erica
  7646 | D:8      | Killed Erica
  7715 | D:8      | Found Silaug's General Store.
  8339 | D:8      | Noticed Joseph
  8356 | D:8      | Killed Joseph
  8356 | D:8      | Reached skill level 12 in Axes
  8491 | D:8      | Found Gicem's Weapon Shop.
  8604 | D:8      | Found Teluri's Assorted Antiques.
  8818 | Lair:1   | Entered Level 1 of the Lair of Beasts
  8833 | Lair:1   | Noticed an eight-headed hydra
  8838 | Lair:1   | Killed a seven-headed hydra
  8888 | Lair:1   | Gained mutation: You have a pair of large horns on your
                  | head. [potion of mutation]
  8888 | Lair:1   | Gained mutation: Your movements are slightly less
                  | encumbered by armour. (ER -2) [potion of mutation]
  8899 | Lair:1   | Lost mutation: You have a pair of large horns on your head.
                  | [potion of mutation]
  8899 | Lair:1   | Lost mutation: Your movements are slightly less encumbered
                  | by armour. (ER -2) [potion of mutation]
  8899 | Lair:1   | Gained mutation: Your muscles are strong. (Str +2) [potion
                  | of mutation]
  8899 | Lair:1   | Gained mutation: You are dopey. (Int -2) [potion of
                  | mutation]
  8899 | Lair:1   | Gained mutation: You are frail. (-10% HP) [potion of
                  | mutation]
  8899 | Lair:1   | Gained mutation: You passively map a small area around you.
                  | [potion of mutation]
  8905 | Lair:1   | Lost mutation: Your muscles are strong. (Str +2) [potion of
                  | mutation]
  8905 | Lair:1   | Lost mutation: You passively map a small area around you.
                  | [potion of mutation]
  8905 | Lair:1   | Gained mutation: You are somewhat resistant to further
                  | mutation. [potion of mutation]
  8906 | Lair:1   | Lost mutation: You are frail. (-10% HP) [potion of
                  | mutation]
  8906 | Lair:1   | Lost mutation: You are dopey. (Int -2) [potion of mutation]
  8906 | Lair:1   | Lost mutation: You are somewhat resistant to further
                  | mutation. [potion of mutation]
  8906 | Lair:1   | Gained mutation: Armour fits poorly on your strangely
                  | shaped body. [potion of mutation]
  8906 | Lair:1   | Lost mutation: Armour fits poorly on your strangely shaped
                  | body. [potion of mutation]
  8906 | Lair:1   | Gained mutation: You expend magic power (3 MP) to
                  | strengthen your wands. [potion of mutation]
  8930 | Lair:1   | Noticed a cane toad
  8949 | Lair:1   | Killed a cane toad
  9314 | Lair:1   | Received a gift from Trog
  9372 | Lair:1   | Noticed a cane toad
  9375 | Lair:1   | Killed a cane toad
  9825 | Lair:1   | Reached XP level 11. HP: 87/95 MP: 10/10
 10150 | Lair:2   | Noticed an eight-headed hydra
 10161 | Lair:2   | Killed a ten-headed hydra
 10161 | Lair:2   | Reached skill level 13 in Axes
 10488 | Lair:2   | Found a staircase to the Snake Pit.
 11075 | Lair:2   | Noticed an oklob plant
 12128 | Lair:3   | Reached skill level 10 in Armour
 12866 | Lair:4   | Noticed Nessos
 12867 | Lair:4   | Reached skill level 14 in Axes
 12874 | Lair:4   | Shot with an arrow by Nessos

Illustrated notes

Levels and vault maps discovered:
D:1:      minmay_arrival_shattered_statue, layout_loops_cross, st_stairs_5,
          chequers_big_river
D:2:      layout_basic, nicolae_overflow_crystal_walls
D:3:      minmay_goblin_kobold_castle, layout_basic
D:4:      layout_basic, old_standard_altar
D:5:      layout_loops_cross, minmay_temple_entry_glass
D:6:      cheibrodos_thug_alley, layout_cave_pools, overflow_temple_1_default,
          bloody_makhleb, lemuel_doored_altar, lemuel_round_altar,
          minmay_strange_pillars, uniq_grinder, uniq_eustachio
D:7:      layout_basic, fedhas_altar_4, elyvilon_altar_4, kennysheep_mini_moat,
          serial_shops, shop
D:8:      layout_loops_corners, grunt_lair_entry_orc_guard_hut, serial_ice,
          serial_ice_h, serial_ice_b, serial_ice_d, serial_ice_i, serial_ice_o,
          serial_ice_m, serial_ice_c, serial_shops, shop, shop, shop,
          nicolae_shop_temple_entry_statues_fountains, uniq_joseph, uniq_erica
Lair:1:   layout_roguey, st_stairs_10, wad_woods_road_04, lemuel_fruit_fields,
          lemuel_fruit_fields, lemuel_fruit_fields, infiniplex_staircase_pool_2
Lair:2:   layout_layer_cave, minmay_snake_entry_spellcaster,
          minmay_lair_oklob_bushes, lemuel_fruit_fields, lemuel_fruit_tree,
          lemuel_fruit_fields
Lair:3:   layout_cave_pods
Lair:4:   wad_woods_settlement, layout_gridlike, elwin_shoals_entry_rocks,
          grunt_megastairs_4, uniq_sonja, uniq_nessos

Skill      XL: |  1  2  3  4  5  6  7  8  9 10 11 |
---------------+----------------------------------+-----
Axes           | 4 5 6 7 9 11 12 14 | 14.0
Fighting       | 4 5 6 7 8 9 |  9.5
Shields        | 1 2 3 4 5 6 7 |  7.2
Armour         | 3 4 6 7 9 10 | 10.1
Dodging        | 3 4 5 6 |  6.2
Stealth        | 1 |  1.4
Throwing       | |  0.1

Action                   |  1- 3 |  4- 6 |  7- 9 | 10-12 || total
-------------------------+-------+-------+-------+-------++-------
Melee: Hand axe          |    90 |   210 |   233 |       ||   533
       Headbutt          |    16 |    50 |    61 |    23 ||   150
       Battleaxe         |       |       |    91 |   141 ||   232
Throw: Dart              |       |       |       |     1 ||     1
Invok: Berserk           |     1 |       |     2 |       ||     3
       Brothers in Arms  |       |       |     1 |     3 ||     4
       Trog's Hand       |       |       |       |     1 ||     1
  Use: Potion            |     1 |     1 |     2 |    12 ||    16
       Scroll            |       |     6 |     5 |     4 ||    15
Armor: Animal skin       |    24 |       |       |       ||    24
       Ring mail         |     8 |    18 |       |       ||    26
       Scale mail        |       |    54 |   113 |    31 ||   198
       Plate armour      |       |       |       |    55 ||    55
Dodge: Dodged            |    36 |    60 |   143 |    89 ||   328
Block: Tower shield      |    99 |   212 |   180 |       ||   491

Table legend: (Time is in decaauts)
 A = Elapsed time spent in this place.
 B = Non-inter-level travel time spent in this place.
 C = Inter-level travel time spent in this place.
 D = Time resting spent in this place.
 E = Time spent auto-exploring this place.
 F = Levels seen in this place.
 G = Mean time per level.
                   A        B        C        D        E       F      G
               +--------+--------+--------+--------+--------+-----+--------+
         Total |  13047 |  12823 |    224 |   1193 |   5588 |  12 | 1087.2 |
       Dungeon |   8987 |   8806 |    181 |    652 |   3444 |   8 | 1123.4 |
          Lair |   4059 |   4017 |     42 |    540 |   2144 |   4 | 1014.8 |
               +--------+--------+--------+--------+--------+-----+--------+

Top non-repeatable levels by time:
     D:3: 1980 daAuts
  Lair:2: 1877 daAuts
     D:8: 1601 daAuts
  Lair:1: 1310 daAuts
     D:7: 1065 daAuts
     D:1: 988 daAuts
     D:4: 866 daAuts
     D:6: 856 daAuts
     D:5: 843 daAuts
  Lair:3: 840 daAuts
     D:2: 784 daAuts
  Lair:4: 30 daAuts
